Get step-by-step instructions on how to execute this build order below. Start the game timer, and the build order will tick by so you can play in parallel with StarCraft on a second screen or mobile device.

Game Time

  0:00

Last Step

  N/A

Next Step

Upcoming Step



Don't want to look back and forth between 2 screens? Try out our Overwolf App, the Spawning Tool Build Advisor to get an in-game overlay with this build!

Complete Build Order

  1  1:00  Pylon  
  2  1:30  Gateway  
  3  1:45  Assimilator  
  4  1:50  Forge  
  5  2:00  Pylon  
  6  2:10  Cybernetics Core  
  7  2:20  Photon Cannon  
  8  2:30  Nexus  
  9  2:40  Warp Gate  
  10  3:00  Pylon  
  11  4:00  Stargate  
  12  6:00  Twilight Council  
  13  10:00  Fleet Beacon